 Dungeon Crawl Stone Soup version 0.22-a0-362-g535178c (webtiles) character file.

9624 Amnesiac the Reanimator (level 11, -7/75 HPs)
             Began as a Mummy Necromancer on Apr 20, 2018.
             Was a High Priest of Sif Muna.
             Mangled by a two-headed ogre
             ... wielding a +0 giant club
              (17 damage)
             ... on level 10 of the Dungeon.
             The game lasted 00:19:23 (10477 turns).

Amnesiac the Reanimator (Mummy Necromancer)        Turns: 10477, Time: 00:19:24

Health: -7/75      AC:  7    Str: 13    XL:     11   Next: 25%
Magic:  0/44       EV: 14    Int: 17    God:    Sif Muna [*****.]
Gold:   474        SH:  4    Dex: 12    Spells: 18/32 levels left

rFire    . . .     SeeInvis .   a - +6 flail (crush)
rCold    + . .     Gourm    .   n - +0 buckler
rNeg     + + +     Faith    +   B - +2 robe {rF+}
rPois    ∞         Spirit   +   m - +0 helmet
rElec    .         Reflect  .   i - scarf {Spirit}
rCorr    .         Harm     .   v - +0 pair of gloves
MR       +....                  w - +0 pair of boots
Stlth    ++........             o - amulet of faith
HPRegen  0.22/turn              k - ring of magical power
MPRegen  0.29/turn              s - ring of magical power

@: divine energy
A: no food or potions, fire vulnerability, cold resistance 1, negative energy
resistance 3, torment resistance, unbreathing
a: Stop Divine Energy, Channel Magic, Forget Spell, Renounce Religion


You were on level 10 of the Dungeon.
You worshipped Sif Muna.
Sif Muna was extremely pleased with you.
You were not hungry.

You visited 1 branch of the dungeon, and saw 10 of its levels.

You collected 474 gold pieces.

Inventory:

Hand Weapons
 a - a +6 flail of crushing (weapon)
 b - a +0 hunting sling of flaming
 x - a +1 scimitar of flaming
 A - a +0 blowgun
Missiles
 c - 5 curare-tipped needles
 f - 31 sling bullets
 g - 252 stones (quivered)
 l - 142 arrows
Armour
 i - a scarf of spirit shield (worn)
 m - a +0 helmet (worn)
 n - a +0 buckler (worn)
 v - a +0 pair of gloves (worn)
 w - a +0 pair of boots (worn)
 B - a +2 robe of fire resistance (worn)
Magical Staves
 E - an uncursed staff of poison {unknown}
Jewellery
 k - a ring of magical power (left hand)
 o - an amulet of faith (around neck)
 s - a ring of magical power (right hand)
 D - a +4 amulet of reflection {unknown}
Wands
 r - a wand of polymorph (4)
 u - a wand of random effects (51)
Scrolls
 d - 4 scrolls of remove curse {!r}
 e - 6 scrolls of teleportation {!r}
 h - 2 scrolls of enchant weapon {!r}
 j - a scroll of amnesia {!r}
 p - 2 scrolls of magic mapping {!r}
 q - 4 scrolls of identify {!r}
 t - a scroll of fog {!r}
 y - a scroll of enchant armour {!r}
 z - a scroll of blinking {!r}
 C - 2 scrolls of fear {!r}


   Skills:
 - Level 3.1 Fighting
 - Level 4.3 Dodging
 - Level 1.5 Stealth
 * Level 3.4 Shields
 + Level 11.4 Spellcasting
 - Level 12.9 Necromancy
 + Level 2.5 Invocations


You had 18 spell levels left.
You knew the following spells:

 Your Spells              Type           Power        Failure   Level  Hunger
a - Passwall              Tmut/Erth      #.........   12%         2    N/A
b - Sticks to Snakes      Tmut           #.......     12%         2    N/A
c - Spectral Weapon       Hex/Chrm       #.......     24%         3    N/A
d - Vampiric Draining     Necr           ######....   1%          3    N/A
e - Summon Lightning Spi  Summ/Air       #.......     61%         4    N/A

Dungeon Overview and Level Annotations

Branches:
Dungeon (10/15)            Temple (0/1) D:6             Orc (0/2) D:10
   Lair: D:8-11

Altars:
Ashenzari
Dithmenos
Elyvilon
Hepliaklqana
Kikubaaqudgha
Nemelex Xobeh
Okawaru
Qazlal
Ru
Sif Muna
Uskayaw
Yredelemnul
The Shining One

Annotations:
D:6 exclusion: deep elf mage


Innate Abilities, Weirdness & Mutations

You do not eat or drink.
Your flesh is vulnerable to fire.
You are immune to poison.
Your flesh is cold resistant. (rC+)
You are immune to negative energy. (rN+++)
You are immune to unholy pain and torment.
You can survive without breathing.


Message History

g - 249 stones (gained 4)
You see here a club.
g - 250 stones (gained 1)
g - 252 stones (gained 2) HP restored.
You open the door.
There is an open door here.
A two-headed ogre comes into view. It is wielding two giant clubs.
The two-headed ogre shouts in stereo!
Casting: Spectral Weapon (safe; 24% risk of failure)
Confirm with . or Enter, or press ? or * to list all spells.
You draw out your weapon's spirit!
You hit the two-headed ogre.
The two-headed ogre is lightly wounded.
The two-headed ogre hits you with a giant club!!!
The two-headed ogre hits you with a giant club!!
* * * LOW HITPOINT WARNING * * *
Casting: Spectral Weapon (safe; 24% risk of failure)
Confirm with . or Enter, or press ? or * to list all spells.
Aiming: Vampiric Draining (safe; 1% risk of failure)
Press: ? - help, Shift-Dir - straight line, f - two-headed ogre
Aim: a two-headed ogre, wielding two giant clubs (lightly wounded)
The two-headed ogre is moderately wounded.
You feel life coursing into your body. The two-headed ogre closely misses you.
The two-headed ogre hits you with a giant club.
* * * LOW HITPOINT WARNING * * *
Casting: Vampiric Draining (safe; 1% risk of failure)
Confirm with . or Enter, or press ? or * to list all spells.
Aiming: Vampiric Draining (safe; 1% risk of failure)
Press: ? - help, Shift-Dir - straight line, f/p - two-headed ogre
Aim: a two-headed ogre, wielding two giant clubs (moderately wounded)
The two-headed ogre is heavily wounded.
You feel life coursing into your body.
Casting: Vampiric Draining (safe; 1% risk of failure)
Confirm with . or Enter, or press ? or * to list all spells.
Aiming: Vampiric Draining (safe; 1% risk of failure)
Press: ? - help, Shift-Dir - straight line, f/p - two-headed ogre
Aim: a two-headed ogre, wielding two giant clubs (heavily wounded)
The two-headed ogre is severely wounded.
You feel life coursing into your body.
The two-headed ogre hits you with a giant club!
* * * LOW HITPOINT WARNING * * *
The two-headed ogre hits you with a giant club!
* * * LOW HITPOINT WARNING * * *
Casting: Vampiric Draining (safe; 1% risk of failure)
Confirm with . or Enter, or press ? or * to list all spells.
Aiming: Vampiric Draining (safe; 1% risk of failure)
Press: ? - help, Shift-Dir - straight line, f/p - two-headed ogre
Aim: a two-headed ogre, wielding two giant clubs (heavily wounded)
The two-headed ogre is severely wounded.
You feel life coursing into your body.
The two-headed ogre completely misses you.
The two-headed ogre barely misses you.
Casting: Vampiric Draining (safe; 1% risk of failure)
Confirm with . or Enter, or press ? or * to list all spells.
Aiming: Vampiric Draining (safe; 1% risk of failure)
Press: ? - help, Shift-Dir - straight line, f/p - two-headed ogre
Aim: a two-headed ogre, wielding two giant clubs (severely wounded)
The two-headed ogre is almost dead.
You feel life coursing into your body.
The two-headed ogre hits you with a giant club!!
* * * LOW HITPOINT WARNING * * *
The two-headed ogre hits you with a giant club!
You die...

..... ..# .##..##.#
........## #...#####
#.#.#...# # #.#.#...#
.##. #(..#'########....
+O..............#
#@.....###......#
#......# #....#.# ....
#......###....#.# ... .
..#####)).............#
... ..
.......)....###.........
..# .##
#####..)†##.#.#.......##
..##....
.........##.#.'.......#
........
............#.#.........
....#
#############.#########+


You could see a two-headed ogre and a friendly spectral flail of crushing.

Vanquished Creatures
  3 two-headed ogres
  Erica (D:8)
  The ghost of Tungsten the Cleaver, a novice HuBe of Trog (D:8)
  A gargoyle (D:8)
  Prince Ribbit (D:8)
  2 hornets
  4 hippogriffs
  3 yaks (D:9)
  Edmund (D:6)
  Grum (D:8)
  A soldier ant (D:8)
  4 ice beasts
  4 ogres
  4 sky beasts
  An orc warrior (D:8)
  3 wolves (D:8)
  4 centaurs
  3 big kobolds
  2 bullfrogs
  A gnoll sergeant (D:9)
  Dowan (D:7)
  3 scorpions
  6 killer bees (D:9)
  2 crimson imps (D:6)
  2 bullfrog zombies
  The ghost of zero the Sneak, a weakling SpEn (D:3)
  2 centaur skeletons
  2 jellies
  A bullfrog skeleton (D:4)
  2 orc priests (D:8)
  4 hounds
  2 iguanas
  14 orc wizards
  10 worker ants
  8 gnolls
  A howler monkey skeleton (D:9)
  9 adders
  3 shadow imps
  3 oozes
  2 adder skeletons
  4 worms
  4 dart slugs
  2 leopard geckos
  25 orcs
  A ball python (D:2)
  A giant cockroach (D:8)
  7 goblins
  8 jackals
  4 quokkas
  6 bats
  3 frilled lizards
  20 kobolds
  2 leopard gecko skeletons
  2 rats
212 creatures vanquished.

Vanquished Creatures (collateral kills)
  A phantom (D:4)
  An adder (D:6)
2 creatures vanquished.

Vanquished Creatures (others)
  4 fungi (D:6)
  A spectral weapon (D:9)
5 creatures vanquished.

Grand Total: 219 creatures vanquished

Notes
Turn   | Place    | Note
-------+----------+-------------------------------------------
     0 | D:1      | Amnesiac the Mummy Necromancer began the quest for the Orb.
     0 | D:1      | Reached XP level 1. HP: 13/13 MP: 4/4
   246 | D:4      | Noticed a worker ant
   247 | D:4      | Reached XP level 2. HP: 18/19 MP: 4/6
   489 | D:3      | Noticed a hornet
   692 | D:3      | Reached XP level 3. HP: 3/24 MP: 3/8
   697 | D:3      | Learned a level 3 spell: Vampiric Draining
   865 | D:3      | Found an iron altar of Okawaru.
   873 | D:3      | Found a shadowy altar of Dithmenos.
   877 | D:3      | Found a sparkling altar of Nemelex Xobeh.
  1066 | D:3      | Noticed zero's ghost (weakling SpEn)
  1384 | D:5      | Entered Level 5 of the Dungeon
  1416 | D:4      | Reached skill level 5 in Spellcasting
  1416 | D:4      | Reached XP level 4. HP: 18/30 MP: 2/11
  1609 | D:5      | Noticed Edmund
  1636 | D:5      | Found a hide-covered altar of Uskayaw.
  1934 | D:6      | Noticed a centaur
  1941 | D:6      | Killed a centaur
  1941 | D:6      | Reached skill level 5 in Necromancy
  1941 | D:6      | Reached XP level 5. HP: 28/35 MP: 13/13
  2056 | D:6      | Reached XP level 6. HP: 23/41 MP: 4/15
  2173 | D:6      | Noticed a hippogriff
  2181 | D:6      | Killed a hippogriff
  2181 | D:6      | Reached skill level 6 in Necromancy
  2419 | D:6      | Reached XP level 7. HP: 26/47 MP: 16/16
  2445 | D:6      | Learned a level 2 spell: Sticks to Snakes
  2470 | D:6      | Reached skill level 1 in Fighting
  2551 | D:6      | Found a basalt altar of Yredelemnul.
  2615 | D:5      | Found a shattered altar of Ashenzari.
  2987 | D:6      | Killed Edmund
  4026 | D:4      | Reached XP level 8. HP: 13/58 MP: 16/17
  4295 | D:4      | Found a deep blue altar of Sif Muna.
  4298 | D:4      | Became a worshipper of Sif Muna the Loreminder
  4346 | D:3      | Killed zero's ghost
  4658 | D:1      | Found a sparkling altar of Nemelex Xobeh.
  5457 | D:3      | Killed a hornet
  5457 | D:3      | Reached skill level 7 in Necromancy
  6252 | D:5      | Reached skill level 8 in Necromancy
  6308 | D:5      | Found a sacrificial altar of Ru.
  6454 | D:5      | Reached * piety under Sif Muna
  6662 | D:6      | Found a staircase to the Ecumenical Temple.
  6795 | D:6      | Noticed a deep elf mage
  7023 | D:7      | Noticed a hippogriff
  7025 | D:7      | Noticed Dowan
  7033 | D:7      | Killed a hippogriff
  7036 | D:7      | Killed Dowan
  7144 | D:7      | Reached skill level 9 in Necromancy
  7144 | D:7      | Reached XP level 9. HP: 62/63 MP: 20/20
  7338 | D:7      | Found a white marble altar of Elyvilon.
  7455 | D:7      | Noticed Duvessa
  7457 | D:7      | Noticed Duvessa
  7457 | D:7      | Duvessa changed into Duvessa the ooze
  7461 | D:7      | Killed Duvessa the ooze
  7634 | D:8      | Reached ** piety under Sif Muna
  7645 | D:8      | Noticed a two-headed ogre
  7675 | D:8      | Killed a two-headed ogre
  7675 | D:8      | Reached skill level 10 in Necromancy
  7887 | D:8      | Noticed Tungsten's ghost (novice HuBe)
  7922 | D:8      | Killed Tungsten's ghost
  7922 | D:8      | Reached *** piety under Sif Muna
  7922 | D:8      | Reached skill level 11 in Necromancy
  7990 | D:8      | Reached XP level 10. HP: 59/70 MP: 1/23
  8023 | D:8      | Noticed Erica
  8068 | D:8      | Killed Erica
  8068 | D:8      | Reached skill level 10 in Spellcasting
  8152 | D:8      | Reached **** piety under Sif Muna
  8430 | D:8      | Found an ancient bone altar of Kikubaaqudgha.
  8507 | D:8      | Noticed a gargoyle
  8512 | D:8      | Learned a level 2 spell: Passwall
  8781 | D:8      | Noticed Grum
  8788 | D:8      | Reached skill level 12 in Necromancy
  8810 | D:8      | Killed Grum
  8982 | D:8      | Noticed Prince Ribbit
  8991 | D:8      | Killed Prince Ribbit
  9019 | D:8      | Killed a gargoyle
  9178 | D:9      | Noticed a two-headed ogre
  9190 | D:9      | Killed a two-headed ogre
  9190 | D:9      | Reached ***** piety under Sif Muna
  9190 | D:9      | Identified Gafuipai's Volume of Protection and the Frostbite (Sif Muna gifted it to you on level 9 of the Dungeon)
  9190 | D:9      | Received a gift from Sif Muna
  9292 | D:9      | Learned a level 3 spell: Spectral Weapon
  9297 | D:9      | Learned a level 4 spell: Summon Lightning Spire
  9403 | D:9      | Found a stormy altar of Qazlal.
  9610 | D:9      | Reached skill level 1 in Shields
  9610 | D:9      | Reached XP level 11. HP: 62/75 MP: 24/26
  9676 | D:9      | Reached skill level 1 in Invocations
  9697 | D:9      | Noticed a two-headed ogre
  9708 | D:9      | Killed a two-headed ogre
 10144 | D:9      | Found a glowing golden altar of the Shining One.
 10199 | D:9      | Found a hazy altar of Hepliaklqana.
 10349 | D:10     | Entered Level 10 of the Dungeon
 10400 | D:10     | Found a staircase to the Orcish Mines.
 10464 | D:10     | Noticed a two-headed ogre
 10477 | D:10     | Mangled by a two-headed ogre

Vault maps used:
D:1:      grunt_arrival_lava_bath, nemelex_xobeh_ov_fountains_minmay
D:3:      minmay_overflow_temple_star_quad, first_ration
D:4:      lemuel_blue_sif_altar
D:5:      nicolae_ru_the_path_less_chosen, lemuel_round_altar,
          ashenzari_altar_1, serial_corexii_hall, corexii_hall_statues_i,
          corexii_hall_statues_u, uniq_edmund
D:6:      minmay_temple_entry_overgrown, basic_altar, serial_aquarium,
          aquarium_bridge_square, aquarium_bridge_straight, aquarium_window_1,
          aquarium_window_corner, aquarium_window_fake, aquarium_view_2d,
          guppyfry_early_elven_hall
D:7:      nicolae_overflow_crystal_walls, uniq_duvessa
D:8:      kiku_gazebo_pond_becter, hangedman_pestilent_swarm, uniq_grum,
          uniq_prince_ribbit1, uniq_erica
D:9:      nicolae_qazlal_general_emergency, marbit_many_paths,
          nicolae_tso_swordbearing_angel
D:10:     orc_0_dummy, uniq_psyche

Skill      XL: |  1  2  3  4  5  6  7  8  9 10 11 |
---------------+----------------------------------+-----
Spellcasting   | 3 4 5 6 7 9 11 | 11.4
Necromancy     | 5 6 9 11 12 | 12.9
Dodging        | 2 4 |  4.3
Fighting       | 3 |  3.1
Shields        | 1 3 |  3.4
Invocations    | 2 |  2.5
Stealth        | |  1.5

Action                   |  1- 3 |  4- 6 |  7- 9 | 10-12 || total
-------------------------+-------+-------+-------+-------++-------
Melee: Unarmed           |    12 |       |       |       ||    12
       Mace              |    26 |    33 |    23 |       ||    82
       Flail             |       |       |   274 |   223 ||   497
 Fire: Hunting sling     |       |       |     9 |       ||     9
 Cast: Pain              |    29 |     3 |     2 |       ||    34
       Vampiric Draining |     7 |    16 |    63 |    65 ||   151
       Sticks to Snakes  |       |       |     5 |       ||     5
       Spectral Weapon   |       |       |       |     4 ||     4
Invok: Divine Energy     |       |       |     1 |       ||     1
Evoke: Wand              |       |       |     7 |     8 ||    15
  Use: Scroll            |     2 |     1 |    11 |     1 ||    15
 Stab: Sleeping          |     1 |       |     7 |     4 ||    12
Armor: Robe              |     6 |     4 |    67 |    88 ||   165
Dodge: Dodged            |    32 |    48 |   326 |   249 ||   655
Block: Buckler           |       |       |       |    16 ||    16

Table legend:
 A = Spawn XP
 B = Non-spawn XP
 C = Spawn XP percentage of total XP
 D = Spawn monster count
 E = Non-spawn monster count
 F = Spawn count percentage of total count
 G = Total turns spent on level
                    A         B        C        D         E        F      G
               +---------+---------+-------+---------+---------+-------+---------
         Total |       0 |   13749 |   0.0 |       0 |     214 |   0.0 | 10477
               +---------+---------+-------+---------+---------+-------+---------
           D:1 |       0 |      34 |   0.0 |       0 |      17 |   0.0 |   648
           D:2 |       0 |      46 |   0.0 |       0 |      14 |   0.0 |   600
           D:3 |       0 |     423 |   0.0 |       0 |      21 |   0.0 |  1328
           D:4 |       0 |     377 |   0.0 |       0 |      12 |   0.0 |  1803
           D:5 |       0 |     510 |   0.0 |       0 |      12 |   0.0 |   634
           D:6 |       0 |    1016 |   0.0 |       0 |      25 |   0.0 |  1873
           D:7 |       0 |     826 |   0.0 |       0 |      17 |   0.0 |   712
           D:8 |       0 |    5871 |   0.0 |       0 |      54 |   0.0 |  1570
           D:9 |       0 |    4422 |   0.0 |       0 |      35 |   0.0 |  1204
          D:10 |       0 |     224 |   0.0 |       0 |       7 |   0.0 |   105
               +---------+---------+-------+---------+---------+-------+---------
